 Dungeon Crawl Stone Soup version 0.19-a0-1803-g97ff39f (webtiles) character file.

43519 Naow the Severer (level 13, -10/204 HPs)
             Began as a Minotaur Berserker on Oct 5, 2016.
             Was an Elder of Trog.
             Mangled by an entropy weaver (12 damage)
             ... on level 4 of the Lair of Beasts.
             The game lasted 00:37:59 (16592 turns).

Naow the Severer (Minotaur Berserker)              Turns: 16592, Time: 00:38:00

Health: -10/204    AC:  0    Str: 26    XL:     13   Next: 91%
Magic:  12/12      EV:  2    Int:  8    God:    Trog [****..]
Gold:   1201       SH: 20    Dex: 12    Spells: 0 memorised, 12 levels left

rFire  . . .     SeeInvis +     C - +9 whip "Hicy" {venom, +Inv}
rCold  . . .     Gourm    .     a - +3 plate armour
rNeg   . . .     Faith    .     F - +3 large shield {AC+3}
rPois  +         Spirit   .     (helmet restricted)
rElec  .         Dismiss  .     l - +0 cloak
rCorr  .         Reflect  +     j - +0 pair of gloves
MR     ++...     Harm     .     (no boots)
Stlth  ..........               A - +5 amulet of reflection
                                M - ring of poison resistance
                                e - ring of see invisible

@: berserking (expiring), corroded, regenerating, very quick
A: retaliatory headbutt, horns 2
a: Berserk, Trog's Hand, Brothers in Arms, Burn Spellbooks, Renounce Religion,
Evoke Invisibility


You were on level 4 of the Lair of Beasts.
You worshipped Trog.
Trog was greatly pleased with you.
You were hungry.

You visited 2 branches of the dungeon, and saw 17 of its levels.

You collected 1201 gold pieces.

Inventory:

Hand Weapons
 C - the +9 whip "Hicy" (weapon) {venom, +Inv}
   (You found it on level 4 of the Dungeon)

   It poisons the flesh of those it strikes.
   It lets you turn invisible.
 R - a +4 battleaxe of protection
Armour
 a - a +3 plate armour (worn)
 j - a +0 pair of gloves (worn)
 l - a +0 cloak (worn)
 F - a +3 large shield of protection (worn)
Jewellery
 e - a ring of see invisible (left hand)
 q - an uncursed ring of protection from cold
 A - a +5 amulet of reflection (around neck)
 H - an uncursed amulet of faith
 J - an uncursed amulet of magic regeneration {unknown}
 M - a ring of poison resistance (right hand)
 U - an uncursed amulet of the gourmand
Wands
 g - a wand of digging (15/24)
 p - a wand of digging (3/24)
 y - a wand of disintegration (20/24)
 E - a wand of flame (27/48)
 G - a wand of slowing (24/48)
 L - a wand of teleportation (6/9)
 N - a wand of lightning (7/15)
 P - a wand of digging (10/24)
 V - a wand of paralysis (17/24)
Scrolls
 d - 2 scrolls of magic mapping
 k - 15 scrolls of identify
 m - a scroll of silence {unknown}
 n - 9 scrolls of remove curse
 u - a scroll of fog
 w - a scroll of recharging
 z - 7 scrolls of teleportation
 T - a scroll of random uselessness {unknown}
 X - a scroll of enchant weapon
Potions
 b - a potion of might
 i - 2 potions of cure mutation
 o - 11 potions of curing
 s - 3 potions of brilliance
 t - 2 potions of invisibility
 v - 4 potions of heal wounds
 B - 2 potions of ambrosia
 D - 3 potions of agility
 I - 4 potions of flight
 Q - 2 potions of berserk rage
 S - a potion of haste
Books
 O - a book of Geomancy

   Spells                             Type                      Level
   a - Sandblast                      Earth                        1
   b - Passwall                       Transmutation/Earth          2
   c - Stone Arrow                    Conjuration/Earth            3
   d - Petrify                        Transmutation/Earth          4
   e - Lee's Rapid Deconstruction     Earth                        5
   Trog disapproves of the use of such an item.
Comestibles
 c - 7 bread rations
 f - 5 beef jerkies
 h - 2 slices of pizza
 x - 8 meat rations
 K - 12 fruits
 W - 10 royal jellies


   Skills:
 + Level 18.4 Fighting
 + Level 19.9 Axes
 - Level 2.4 Armour
 - Level 2.1 Dodging


You had 12 spell levels left.
You didn't know any spells.

Dungeon Overview and Level Annotations

Branches:
Dungeon (13/15)            Temple (0/1) D:6            Lair (4/6) D:8
  Swamp (0/4) Lair:4       Spider (0/4) Lair:3          Orc (0/2) D:9
 Vaults (0/5) D:13

Altars:
Ashenzari
Fedhas
Nemelex Xobeh
Qazlal
Trog
The Shining One
Jiyva

Shops:
D:4 [   D:8 :   D:11 }

Annotations:
D:7 exclusion: ice statue
Lair:3 Sonja


Innate Abilities, Weirdness & Mutations

You reflexively headbutt those who attack you in melee.
You have a pair of horns on your head.


Message History

The entropy weaver is moderately wounded.
You whack the entropy weaver!
The entropy weaver looks as sick as possible!
The entropy weaver is heavily wounded.
You block the entropy weaver's attack. x2; The entropy weaver hits you!
* * * LOW HITPOINT WARNING * * *
The entropy weaver hits you!
* * * LOW HITPOINT WARNING * * *
You are too berserk!
Your shield and plate armour prevent you from hitting the entropy weaver.
You headbutt the entropy weaver, but do no damage.
The entropy weaver is heavily wounded.
You hit the entropy weaver.
The entropy weaver looks as sick as possible!
You headbutt the entropy weaver.
The entropy weaver is severely wounded.
You block the entropy weaver's attack. The entropy weaver hits you.
* * * LOW HITPOINT WARNING * * *
You block the entropy weaver's attack. The entropy weaver hits you!
You die...

#P...# # #.##a###. # ##..##
.♣♣...#P.#?#.#
###..###..♣.♣.....P##
##.....#..P♣♣aa♣P.♣.♣ .
###.......#.a♣†a...♣ .#
....###..#♣ #P.♣P♣ ..# ....#
#..# ♣.♣.♣ #.# #..P#
##.####†a########### #..##
##.##
##...##.aa@.##..#..###....#
##..###....P#.a##.#
#............
##........P...####
#............ #PP.###.P....#
##........###. ##.P# #......#
###.......##.# #### ##.....#
#..<......##.# ##......#
##..........###.
####......####...............
#.###......#.................


You could see an entropy weaver, a soldier ant and 2 worker ants.

Vanquished Creatures
  An entropy weaver (Lair:4)
  Snorg (D:12)
  2 hydras
  2 vault guards (D:13)
  A catoblepas (D:13)
  A centaur warrior (D:12)
  2 unseen horrors
  Pikel (D:5)
  4 necromancers (D:13)
  2 hill giants
  The ghost of cortexin the Covert, a novice SpAK of Lugonu (D:7)
  3 cyclopes
  A manticore (D:13)
  2 deep elf magi
  2 ugly things (D:13)
  Maurice (D:8)
  A torpor snail (Lair:2)
  6 black mambas
  2 gargoyles
  6 spiny frogs
  A rime drake (Lair:4)
  An efreet (D:11)
  2 kobold demonologists (D:13)
  3 komodo dragons
  2 tengu conjurers (D:13)
  5 trolls
  2 hornets
  5 slime creatures
  3 two-headed ogres
  5 blink frogs (Lair:2)
  7 hippogriffs
  Sigmund (D:6)
  2 redbacks (Lair:3)
  Eustachio (D:5)
  A wyvern (Lair:1)
  2 shadows
  24 yaks
  A steam dragon (D:11)
  21 humans
  3 insubstantial wisps (Lair:4)
  4 soldier ants
  5 porcupines
  4 orc warriors
  A sky beast (D:6)
  A water moccasin (Lair:1)
  5 ice beasts
  A slave (D:5)
  2 black bears
  3 phantoms
  8 ogres
  9 centaurs
  8 crocodiles
  7 big kobolds
  14 bullfrogs
  4 gnoll sergeants (D:9)
  A wyvern zombie (D:10)
  2 wyvern skeletons (D:10)
  A water moccasin skeleton (D:9)
  4 scorpions
  7 killer bees
  7 wights
  3 howler monkeys (D:7)
  A crimson imp (D:13)
  5 centaur zombies
  4 bullfrog zombies
  4 hounds
  8 jellies
  11 orc wizards
  7 orc priests
  4 centaur skeletons
  Ijyb (D:2)
  8 iguanas
  Terence (D:2)
  8 worker ants
  11 gnolls
  13 adders
  A river rat (Lair:2)
  5 oozes (D:8)
  An adder skeleton (D:8)
  3 worms
  2 dart slugs (D:2)
  5 leopard geckos
  56 orcs
  3 ball pythons
  7 giant cockroaches
  11 hobgoblins
  9 jackals
  8 quokkas
  8 bats
  4 frilled lizards (D:1)
  6 goblins
  12 kobolds
  A quokka zombie (D:9)
  6 rats
469 creatures vanquished.

Vanquished Creatures (collateral kills)
  A human (D:13)
1 creature vanquished.

Vanquished Creatures (others)
  The ghost of Naow the Severer, a journeyman MiBe of Trog (D:13)
  A manticore (D:13)
  An ice beast (D:13)
  2 wights (D:13)
  7 fungi
  2 plants (Lair:4)
14 creatures vanquished.

Grand Total: 484 creatures vanquished

Notes
Turn   | Place    | Note
-------+----------+-------------------------------------------
     0 | D:1      | Naow the Minotaur Berserker began the quest for the Orb.
     0 | D:1      | Reached XP level 1. HP: 19/19 MP: 0/0
    67 | D:1      | Reached skill level 4 in Axes
    99 | D:1      | Reached XP level 2. HP: 19/26 MP: 1/1
   656 | D:1      | Reached skill level 5 in Axes
   813 | D:1      | Reached XP level 3. HP: 29/31 MP: 2/2
   971 | D:2      | Reached ** piety under Trog
  1096 | D:2      | Noticed Terence
  1096 | D:2      | Noticed Ijyb
  1105 | D:2      | Killed Ijyb
  1105 | D:2      | Reached skill level 6 in Axes
  1105 | D:2      | Reached XP level 4. HP: 28/39 MP: 3/3
  1506 | D:2      | Killed Terence
  1534 | D:2      | Reached XP level 5. HP: 41/45 MP: 4/4
  1656 | D:2      | Reached skill level 7 in Axes
  2283 | D:3      | Found a sparkling altar of Nemelex Xobeh.
  2843 | D:3      | Reached skill level 8 in Axes
  3105 | D:4      | Reached XP level 6. HP: 29/51 MP: 5/5
  3147 | D:4      | Found Berhoc's Antique Armour Shoppe.
  3160 | D:4      | Got a twisted whip
  3177 | D:4      | Identified the +9 whip "Hicy" {venom, +Inv} (You found it on level 4 of the Dungeon)
  3404 | D:4      | Reached skill level 9 in Axes
  3415 | D:4      | Noticed an ice beast
  3420 | D:4      | Killed an ice beast
  3434 | D:4      | Reached XP level 7. HP: 38/57 MP: 6/6
  3461 | D:4      | Reached *** piety under Trog
  3520 | D:4      | Reached skill level 10 in Axes
  3572 | D:4      | Found a glowing golden altar of the Shining One.
  3846 | D:5      | Entered Level 5 of the Dungeon
  3883 | D:5      | Noticed Pikel
  3894 | D:5      | Killed Pikel
  3894 | D:5      | Reached skill level 11 in Axes
  3894 | D:5      | Reached XP level 8. HP: 50/64 MP: 7/7
  4022 | D:5      | Found a shattered altar of Ashenzari.
  4131 | D:5      | Reached skill level 12 in Axes
  4210 | D:5      | Noticed Eustachio
  4221 | D:5      | Killed Eustachio
  4494 | D:5      | Found a blossoming altar of Fedhas.
  4709 | D:6      | Reached skill level 13 in Axes
  4754 | D:6      | Reached XP level 9. HP: 60/70 MP: 8/8
  4778 | D:6      | Reached skill level 14 in Axes
  4864 | D:6      | Noticed a hill giant
  4869 | D:6      | Killed a hill giant
  5066 | D:6      | Found a staircase to the Ecumenical Temple.
  5170 | D:6      | Reached skill level 15 in Axes
  5395 | D:6      | Reached **** piety under Trog
  5423 | D:6      | Found a stormy altar of Qazlal.
  5437 | D:6      | Noticed Sigmund
  5446 | D:6      | Killed Sigmund
  5931 | D:7      | Reached skill level 16 in Axes
  6018 | D:7      | Noticed cortexin's ghost (novice SpAK)
  6045 | D:7      | Killed cortexin's ghost
  6045 | D:7      | Reached XP level 10. HP: 54/77 MP: 9/9
  6772 | D:7      | Noticed an ice statue
  7013 | D:8      | Reached skill level 17 in Axes
  7028 | D:8      | Got a blackened helmet
  7282 | D:8      | Reached ***** piety under Trog
  7295 | D:8      | Found a staircase to the Lair.
  7384 | D:8      | Noticed Maurice
  7392 | D:8      | Killed Maurice
  7430 | D:8      | Found Qaron's Book Shoppe.
  7838 | D:9      | Found a bloodstained altar of Trog.
  7909 | D:9      | Found a staircase to the Orcish Mines.
  7950 | D:9      | Reached skill level 18 in Axes
  8555 | D:10     | Entered Level 10 of the Dungeon
  8750 | D:10     | Reached XP level 11. HP: 82/82 MP: 10/10
  8932 | D:10     | Reached skill level 5 in Fighting
  9671 | D:11     | Received a gift from Trog
 10075 | D:11     | HP: 4/139 [yak (4)]
 10078 | D:11     | HP: 1/141 [yak (3)]
 10095 | D:11     | Found Veiloquj's Gadget Emporium.
 10617 | D:11     | Noticed a hill giant
 10624 | D:11     | Killed a hill giant
 10624 | D:11     | Reached skill level 10 in Fighting
 10660 | D:11     | Noticed an unseen horror
 10665 | D:11     | Killed an unseen horror
 11038 | D:12     | Noticed Snorg
 11061 | D:12     | Killed Snorg
 11400 | D:12     | Noticed an unseen horror
 11417 | D:12     | Killed an unseen horror
 11417 | D:12     | Reached XP level 12. HP: 96/113 MP: 11/11
 11431 | D:12     | Noticed a centaur warrior
 11441 | D:12     | Killed a centaur warrior
 12206 | D:13     | Found a viscous altar of Jiyva.
 12206 | D:13     | Noticed a catoblepas
 12235 | D:13     | Killed a catoblepas
 12428 | D:13     | Reached skill level 15 in Fighting
 12458 | D:13     | Received a gift from Trog
 12649 | D:13     | Killed Naow's ghost
 13128 | D:13     | Found a gate to the Vaults.
 13128 | D:13     | Noticed a vault guard
 13128 | D:13     | Noticed a vault guard
 13135 | D:13     | Killed a vault guard
 13135 | D:13     | Reached XP level 13. HP: 130/130 MP: 12/12
 13344 | Lair:1   | Entered Level 1 of the Lair of Beasts
 14118 | Lair:1   | Reached skill level 19 in Axes
 15556 | Lair:3   | Found a hole to the Spider Nest.
 15568 | Lair:3   | Noticed Sonja
 15982 | Lair:4   | Found a staircase to the Swamp.
 16548 | Lair:4   | Noticed an entropy weaver
 16552 | Lair:4   | Noticed an entropy weaver
 16580 | Lair:4   | Killed an entropy weaver
 16590 | Lair:4   | HP: 4/204 [entropy weaver (8)]
 16592 | Lair:4   | Mangled by an entropy weaver

Vault maps used:
D:1:      saegor_arrival_miasma, grunt_decor_cap, hangedman_decor_peaks_small,
          st_stairs_4
D:2:      minivault_14, uniq_terence, uniq_iyjb
D:3:      nemelex_xobeh_ov_fountains_minmay
D:4:      kennysheep_mini_moat, first_bread, serial_shops,
          nicolae_shop_waterfront
D:5:      marbit_many_paths, lemuel_doored_altar, uniq_pikel, uniq_eustachio
D:6:      wad_crossroads, nicolae_qazlal_general_emergency, minivault_19,
          minmay_ruffians, uniq_sigmund
D:7:      lemuel_ice_statue, uniq_menkaure
D:8:      lair_0_dummy, serial_shops, nicolae_shop_trees,
          hangedman_little_slice_of_home, kennysheep_decorative_pillar,
          uniq_maurice
D:9:      kennysheep_orc_monster_closet_entryway, bloody_trog
D:11:     serial_shops, shop
D:12:     uniq_snorg
D:13:     grunt_vaults_entry_tiered, serial_shops, bzr_firewalk,
          minmay_fountain_box, jiyva_altar_1
Lair:1:   grunt_megastairs_2, lemuel_fruit_fields
Lair:2:   grunt_megastairs_1, infiniplex_staircase_pool_2
Lair:3:   spider_nest_entry_a, uniq_sonja
Lair:4:   minmay_swamp_entry_wisps, wad_woods_antlair

Skill      XL: |  1  2  3  4  5  6  7  8  9 10 11 12 13 |
---------------+----------------------------------------+-----
Axes           | 4 5 6 8 9 11 13 16 18 19 | 19.9
Fighting       | 12 16 18 | 18.4
Armour         | |  2.4
Dodging        | |  2.1

Action                   |  1- 3 |  4- 6 |  7- 9 | 10-12 | 13-15 || total
-------------------------+-------+-------+-------+-------+-------++-------
Melee: Hand axe          |    69 |   128 |       |       |       ||   197
       Headbutt          |    15 |    18 |    46 |   194 |   102 ||   375
       Whip              |       |    22 |   263 |   897 |   346 ||  1528
       Battleaxe         |       |       |       |       |    55 ||    55
Invok: Berserk           |       |     2 |     1 |     7 |     1 ||    11
       Trog's Hand       |       |     2 |       |     8 |     1 ||    11
       Brothers in Arms  |       |       |       |     1 |     1 ||     2
       Burn Spellbooks   |       |       |       |       |     1 ||     1
  Use: Scroll            |       |       |       |    23 |     2 ||    25
 Stab: Petrified         |       |       |       |     3 |       ||     3
  Eat: Chunk             |     1 |     9 |     9 |    46 |     5 ||    70
       Fruit             |       |       |       |     1 |       ||     1
Armor: Animal skin       |     8 |     1 |       |       |       ||     9
       Plate armour      |       |    81 |   100 |   386 |   124 ||   691
Dodge: Dodged            |    44 |    40 |    10 |    32 |    27 ||   153
Block: Large shield      |       |       |   107 |   531 |   221 ||   859
       Reflection        |       |       |       |       |     4 ||     4
       Other             |       |       |       |       |     3 ||     3
